AoeStats
← BRICK👺

MegaRandom

510496044Analyzed
2v2 RM · 23h ago on Oct 1, 2026· 63m 54s· 4 players
Game mode
Random Map
Map size
Medium (4 player)
Population
200
Speed
Normal
Resources
Standard
Victory
Conquest
Starting age
Dark Age
Ending age
Imperial Age
RankedLock teamsTeams togetherTeam positionsShared explorationLock speedFull tech treeHidden civsTurbo modeCheats
Victory
Defeat
🇨🇳 Franks · China
899
+14
🇨🇳 Spanish · China
897
+14
🇦🇺 Goths · Australia
867
-15
🇻🇳 Danes · Vietnam
838
-13
chase_tips0n
13:47 Feudal Age
19:17 Castle Age
18:22 Stone Mining
17:57 Man-at-Arms
21:47 Long Swordsman
23:21 Double-Bit Axe
25:38 Wheelbarrow
26:56 Bow Saw
46:34 Imperial Age
48:38 Two-Man Saw
48:32 Forging
48:24 Scale Mail Armor
47:59 Two-Handed Swordsman
52:57 Squires
56:40 Pikeman
60:37 Champion
TPA
3:49 Loom
9:30 Loom
11:18 Feudal Age
9:36 Loom
11:22 Feudal Age
11:54 Man-at-Arms
12:43 Double-Bit Axe
12:54 Arson
14:24 Scale Mail Armor
20:14 Fletching
27:12 Castle Age
25:33 Padded Archer Armor
27:59 Squires
28:16 Chain Mail Armor
27:49 Crossbowman
28:28 Gambesons
33:47 Wheelbarrow
34:02 Forging
36:42 Hamask
40:06 Town Watch
42:39 Iron Casting
43:13 Pikeman
45:03 Bodkin Arrow
53:14 Leather Archer Armor
58:01 Horse Collar
61:25 Imperial Age
61:48 Bow Saw
61:34 Stone Mining
61:35 Gold Mining
62:31 Conscription
BRICK👺
0:41 Loom
10:56 Feudal Age
16:07 Man-at-Arms
17:27 Double-Bit Axe
20:48 Scale Mail Armor
21:00 Forging
24:59 Castle Age
25:25 Scale Barding Armor
25:37 Stone Mining
26:03 Husbandry
38:40 Iron Casting
46:19 Imperial Age
45:30 Chain Barding Armor
46:35 Cavalier
48:56 Conscription
49:42 Gold Mining
50:04 Bow Saw
50:16 Chivalry
50:35 Paladin
54:17 Plate Barding Armor
58:07 Blast Furnace
ChaoJiht
10:52 Loom
13:07 Feudal Age
20:23 Castle Age
20:10 Horse Collar
20:19 Double-Bit Axe
22:50 Padded Archer Armor
24:22 Wheelbarrow
25:55 Heavy Plow
27:18 Bow Saw
41:33 Hand Cart
42:03 Leather Archer Armor
43:09 Ballistics
42:41 Fletching
47:46 Imperial Age
46:46 Masonry
46:33 Murder Holes
47:42 Bodkin Arrow
49:02 Conscription
49:34 Elite Conquistador
56:11 Ring Archer Armor
55:41 Bracer
60:13 Chemistry
59:46 Architecture
59:27 Fortified Wall
Connection lost

Rejoining the realm…

Still unreachable

The connection could not be restored.

Session expired

The server has moved on; the page needs a fresh start.